Map: Dusk Towers

Players

Siq

  • Race: Zerg Zerg
  • League: Master

Florencio - Winner!

  • Race: Protoss Protoss
  • League: Diamond

VOD

Have the link to the VOD?

Description

Lost my 3 stargates early on. I had to come back from that. Reactionary Play

Time

  • Played on: March 16, 2016, 2:29 p.m.
  • Length: 16:05
Show
View Real Time Build Order
Export as new Build Order

Siq Zerg 

Build Orders: 3 Hatch before Pool 

Get SALT Encoding   

  12  0:00  Drone  
  13  0:12  Overlord  
  13  0:21  Drone  
  14  0:30  Drone x2  
  14  0:34  Drone  
  17  0:46  Drone  
  18  0:57  Hatchery  
  18  0:59  Drone  
  18  1:06  Drone  
  19  1:23  Hatchery  
  18  1:26  Drone  
  18  1:28  Drone  
  20  1:39  Drone  
  21  1:42  Extractor  
  21  1:46  Spawning Pool  
  19  1:49  Drone  
  20  2:00  Drone  
  21  2:09  Drone  
  21  2:13  Drone  
  23  2:21  Drone  
  23  2:22  Drone  
  25  2:34  Queen x2  
  29  2:38  Queen  
  29  2:41  Overlord  
  29  2:42  Drone x2  
  33  2:48  Metabolic Boost  
  33  2:53  Zergling x2  
  33  2:56  Overlord  
  34  2:59  Drone  
  35  3:08  Drone  
  35  3:09  Drone x4  
  40  3:16  Queen  
  40  3:18  Overlord  
  42  3:22  Drone  
  42  3:23  Drone  
  42  3:26  Drone x3  
  47  3:35  Drone  
  47  3:37  Spore Crawler  
  47  3:39  Spore Crawler  
  46  3:42  Spore Crawler, Drone x3  
  46  3:44  Drone  
  46  3:46  Drone  
  50  3:49  Drone  
  50  3:50  Drone x2  
  50  3:51  Drone  
  54  4:04  Drone x4  
  54  4:07  Overlord x2  
  58  4:14  Overlord x2  
  58  4:18  Extractor x2  
  58  4:22  Extractor  
  55  4:26  Lair  
  55  4:27  Drone x2  
  55  4:28  Zergling x2, Drone  
  55  4:29  Zergling x12  
  65  4:39  Roach Warren  
  64  4:49  Drone x6  
  70  4:54  Pneumatized Carapace  
  70  4:57  Overlord x2  
  70  5:06  Drone x3, Extractor x2  
  71  5:07  Drone x3  
  71  5:09  Drone  
  71  5:10  Drone x3  
  71  5:12  Overlord x2  
  78  5:25  Overseer  
  78  5:34  Drone x2, Hydralisk Den, Spire  
  78  5:35  Drone  
  79  5:39  Spore Crawler  
  79  5:41  Hydralisk Den  
  79  5:42  Spore Crawler  
  76  5:44  Spore Crawler  
  75  5:53  Spore Crawler  
  75  5:55  Spore Crawler  
  62  5:58  Zergling x2  
  62  5:59  Zergling x24  
  69  6:07  Zergling x4  
  69  6:10  Drone  
  70  6:13  Drone  
  70  6:14  Drone x3  
  73  6:20  Drone  
  73  6:21  Drone x4  
  78  6:28  Drone  
  78  6:29  Baneling Nest, Drone  
  79  6:36  Drone  
  80  6:44  Drone x6  
  83  6:53  Corruptor x2  
  87  7:05  Spore Crawler  
  86  7:13  Baneling x12  
  86  7:14  Baneling x14  
  86  7:15  Baneling  
  86  7:17  Zergling x4  
  89  7:22  Drone  
  89  7:34  Zergling x2  
  89  7:35  Zergling x10  
  95  7:41  Hatchery  
  91  7:57  Corruptor x3  
  81  8:24  Drone x5  
  84  8:33  Hatchery  
  82  8:42  Corruptor x3  
  82  8:45  Zerg Flyer Weapons Level 1  
  88  8:49  Corruptor x2  
  88  8:51  Infestation Pit  
  91  9:00  Corruptor x3  
  97  9:14  Corruptor  
  97  9:15  Corruptor x2  
  99  9:21  Extractor  
  99  9:23  Extractor  
  91  9:24  Corruptor  
  91  9:25  Corruptor x2  
  74  9:32  Corruptor  
  72  9:45  Corruptor x2  
  74  10:17  Hatchery  
  73  10:22  Hive  
  73  10:29  Drone x7  
  80  10:38  Drone  
  80  10:39  Zerg Flyer Armor Level 1  
  79  10:54  Corruptor x2  
  75  11:04  Drone  
  75  11:05  Drone x5  
  81  11:26  Hatchery  
  81  11:30  Drone  
  81  11:31  Drone x5  
  86  11:35  Corruptor  
  86  11:36  Corruptor  
  90  11:55  Corruptor x4  
  93  12:03  Corruptor  
  93  12:04  Corruptor  
  88  12:14  Corruptor x3  
  88  12:29  Corruptor  
  85  12:34  Corruptor  
  85  12:39  Queen  
  85  12:40  Queen  
  87  12:48  Corruptor  
  85  12:54  Drone  
  80  12:59  Corruptor x2  
  84  13:18  Corruptor  
  84  13:19  Corruptor  
  84  13:32  Drone  
  84  13:33  Drone x4  
  88  13:48  Hatchery  
  87  14:10  Hatchery  
  63  14:42  Drone  
  63  14:43  Drone x5  
  69  14:56  Drone  
  69  14:57  Drone  
  67  15:28  Drone x3  
Show
View Real Time Build Order
Export as new Build Order

Florencio Protoss - Winner!

Build Orders: 1 Gate Expand 

Get SALT Encoding   

  12  0:01  Probe (Chrono Boost)  
  13  0:12  Probe (Chrono Boost)  
  14  0:22  Probe (Chrono Boost)  
  14  0:27  Pylon  
  15  0:45  Probe (Chrono Boost), Gateway  
  16  0:52  Assimilator  
  16  0:56  Probe (Chrono Boost)  
  17  1:06  Probe (Chrono Boost), Assimilator  
  18  1:17  Probe (Chrono Boost)  
  19  1:27  Probe (Chrono Boost)  
  20  1:36  Nexus  
  20  1:38  Probe (Chrono Boost)  
  21  1:48  Cybernetics Core  
  21  1:51  Probe (Chrono Boost)  
  22  1:59  Pylon  
  22  2:06  Probe (Chrono Boost)  
  23  2:17  Probe (Chrono Boost)  
  24  2:25  Stalker  
  26  2:35  Probe (Chrono Boost)  
  27  2:46  Pylon  
  27  2:48  Assimilator  
  27  2:50  Probe (Chrono Boost)  
  28  2:51  Probe (Chrono Boost)  
  29  2:58  Pylon  
  29  3:01  Probe (Chrono Boost)  
  29  3:02  Probe (Chrono Boost)  
  31  3:07  Stargate  
  31  3:11  Stargate  
  31  3:19  Stargate  
  31  3:21  Probe (Chrono Boost)  
  32  3:27  Probe (Chrono Boost), Assimilator  
  32  3:31  Probe (Chrono Boost)  
  34  3:39  Forge  
  34  3:42  Probe (Chrono Boost)  
  34  3:43  Probe (Chrono Boost)  
  37  3:58  Pylon  
  37  3:59  Probe (Chrono Boost)  
  37  4:03  Oracle  
  37  4:06  Oracle  
  43  4:15  Oracle  
  46  4:18  Probe (Chrono Boost)  
  46  4:20  Probe (Chrono Boost)  
  48  4:28  Photon Cannon  
  48  4:30  Probe (Chrono Boost)  
  49  4:41  Photon Cannon  
  52  4:47  Oracle (Chrono Boost)  
  55  4:54  Oracle (Chrono Boost)  
  55  4:57  Oracle (Chrono Boost)  
  58  5:02  Probe  
  58  5:04  Probe  
  60  5:13  Photon Cannon  
  60  5:21  Mothership Core  
  61  5:25  Photon Cannon  
  62  5:28  Pylon  
  62  5:37  Photon Cannon  
  62  5:40  Photon Cannon  
  62  5:43  Photon Cannon  
  66  6:27  Robotics Facility  
  66  6:30  Stargate  
  66  6:33  Stargate  
  66  6:37  Pylon  
  66  6:59  Stargate  
  66  7:05  Pylon  
  66  7:07  Pylon  
  66  7:20  Void Ray (Chrono Boost)  
  66  7:24  Observer  
  66  7:26  Void Ray (Chrono Boost)  
  67  7:30  Zealot, Pylon  
  67  7:31  Pylon  
  73  7:53  Void Ray (Chrono Boost)  
  73  7:57  Zealot, Pylon  
  79  7:58  Void Ray (Chrono Boost)  
  82  8:09  Void Ray (Chrono Boost)  
  82  8:17  Probe  
  80  8:24  Zealot  
  80  8:28  Probe  
  80  8:32  Probe  
  86  8:35  Void Ray x2 (Chrono Boost)  
  90  8:44  Probe  
  91  8:52  Zealot  
  97  9:08  Void Ray (Chrono Boost)  
  97  9:13  Void Ray (Chrono Boost)  
  101  9:37  Void Ray (Chrono Boost)  
  89  9:50  Void Ray (Chrono Boost)  
  97  9:55  Void Ray (Chrono Boost)  
  97  10:02  Pylon  
  93  10:20  Void Ray (Chrono Boost)  
  93  10:27  Void Ray (Chrono Boost)  
  99  10:38  Void Ray (Chrono Boost)  
  99  10:41  Nexus  
  99  11:02  Nexus  
  99  11:03  Void Ray (Chrono Boost)  
  99  11:05  Pylon  
  99  11:06  Pylon  
  99  11:23  Void Ray (Chrono Boost)  
  107  11:29  Void Ray (Chrono Boost)  
  101  12:18  Forge  
  93  12:39  Void Ray (Chrono Boost)  
  101  12:45  Void Ray x2 (Chrono Boost)  
  94  13:03  Probe  
  95  13:07  Assimilator  
  95  13:11  Gateway, Assimilator  
  95  13:13  Probe, Gateway  
  95  13:15  Gateway  
  95  13:17  Gateway  
  95  13:19  Pylon  
  88  13:27  Pylon  
  88  13:28  Void Ray (Chrono Boost)  
  87  13:35  Photon Cannon  
  87  13:41  Photon Cannon  
  87  13:43  Void Ray (Chrono Boost)  
  87  13:48  Stalker  
  97  13:49  Void Ray (Chrono Boost)  
  97  13:53  Probe  
  97  13:55  Probe  
  99  14:05  Stalker x4  
  99  14:07  Probe  
  108  14:35  Stalker  
  110  14:41  Stalker x3  
  113  15:05  Stalker  
  111  15:11  Stalker x2  
  111  15:12  Stalker x2  
  113  15:35  Stalker  
Tags
 
Add a new tag
Caveats
  • Supply blocks, unpowered buildings, or Contaminate may cause inaccurate times.
  • Supply counts are checked every 10 seconds.